 Dungeon Crawl Stone Soup version 0.29.1-12-g30fa7ad0bf (webtiles) character file.

Game seed: 4560853435704287841

186560 fatweenor the Slayer (level 17, -6/173 HPs)
             Began as a Minotaur Fighter on Dec 16, 2022.
             Was the Champion of Nemelex Xobeh.
             Mangled by a broodmother (12 damage)
             ... on level 4 of the Spider Nest.
             The game lasted 02:04:50 (32210 turns).

fatweenor the Slayer (Minotaur Fighter)            Turns: 32210, Time: 02:04:52

Health: -6/173     AC: 32    Str: 24    XL:     17   Next: 43%
Magic:  0/16       EV:  7    Int:  7    God:    Nemelex Xobeh [******]
Gold:   1564       SH:  0    Dex: 17    Spells: 16/16 levels left

rFire   . . .      SeeInvis +   k - +8 broad axe (flame)
rCold   + . .      Faith    .   r - +2 kite shield {reflect}
rNeg    . . .      Spirit   +   j - +2 plate armour {rPois}
rPois   +          Reflect  +   g - +2 hat
rElec   .          Harm     .   H - +2 cloak {rCorr}
rCorr   +          Rampage  .   L - +0 pair of gloves
Will    +....                   F - +2 pair of boots
Stlth   ..........              b - brooch of Shielding {Spirit SH+8}
HPRegen 1.18/turn               T - ring of see invisible
MPRegen 0.15/turn               a - ring of Recklessness {rC+ rCorr Str+4 Stlth+}

@: held, slowed, very slow
A: horns 2, retaliatory headbutt, iridescent scales 1, poison resistance,
regeneration 1
}: 1/15 runes: decaying
a: Renounce Religion, Draw Escape, Draw Destruction, Draw Summoning, Triple
Draw, Deal Four, Stack Five


You were on level 4 of the Spider Nest.
You worshipped Nemelex Xobeh.
Nemelex Xobeh was exalted by your worship.
You visited 6 branches of the dungeon, and saw 28 of its levels.

You collected 2481 gold pieces.
You spent 917 gold pieces at shops.

Inventory:

Hand Weapons
 k - a +8 broad axe of flaming (weapon)
Armour
 g - a +2 hat (worn)
 j - a +2 plate armour of poison resistance (worn)
 r - a +2 kite shield of reflection (worn)
 t - a +1 cloak
 B - the +2 pair of boots of the Furrier {-Tele +Inv rElec Will+}
   (You found it on level 1 of the Spider Nest)

   rElec:     It insulates you from electricity.
   +Inv:      It lets you turn invisible.
   -Tele:     It prevents most forms of teleportation.
   Will:      It increases your willpower.
 F - a +2 pair of boots (worn)
 H - a +2 cloak of preservation (worn)
 L - a +0 pair of gloves (worn)
 X - a +5 kite shield
 Z - a +1 scale mail of cold resistance
Jewellery
 a - the ring of Recklessness (right hand) {rC+ rCorr Str+4 Stlth+}
   (You found it on level 4 of the Swamp)

   [ring of resist corrosion]

   Str:       It affects your strength (+4).
   rC:        It protects you from cold.
   rCorr:     It protects you from acid and corrosion.
   Stlth:     It makes you more stealthy.
 b - the brooch of Shielding (around neck) {Spirit SH+8}
   (You found it on level 2 of the Orcish Mines)

   [amulet of guardian spirit]

   It causes incoming damage to be divided between your reserves of health and
   magic.
   SH:        It affects your SH (+8).
 e - a ring of ice
 f - a ring of protection from fire
 l - a ring of magical power
 n - a +4 ring of evasion
 q - a ring of resist corrosion
 y - a ring of protection from fire
 D - a ring of fire
 I - a ring of flight
 J - a ring of willpower
 R - a ring of fire
 T - a ring of see invisible (left hand)
 U - an amulet of regeneration
 Y - a ring of flight
Wands
 o - a wand of roots (6)
 G - a wand of polymorph (24)
 N - a wand of digging (11)
 P - a wand of charming (7)
 S - a wand of acid (11)
Scrolls
 c - 3 scrolls of brand weapon
 i - 5 scrolls of fear
 s - 8 scrolls of teleportation
 v - 4 scrolls of poison
 O - 2 scrolls of summoning
 Q - 4 scrolls of magic mapping
 V - 3 scrolls of fog
 W - 13 scrolls of identify
Potions
 d - 2 potions of might
 h - a potion of heal wounds
 p - 3 potions of lignification
 u - 11 potions of curing
 w - 5 potions of attraction
 x - 5 potions of mutation
 z - 3 potions of cancellation
 A - 6 potions of brilliance
 C - a potion of invisibility
 E - 5 potions of flight
 K - a potion of ambrosia
 M - 2 potions of resistance


   Skills:
 * Level 21.3 Fighting
 * Level 19.6 Axes
 - Level 1.0(12.9) Maces & Flails
 + Level 15.5 Armour
 + Level 13.7 Dodging
 - Level 0.1 Stealth
 + Level 14.6 Shields


You had 16 spell levels left.
You didn't know any spells.
Your spell library contained the following spells:

 Spells                   Type           Power      Damage    Failure   Level
 Shock                    Conj/Air       0%         1d3       99%         1
 Slow                     Hex            0%         N/A       99%         1
 Blink                    Tloc           0%         N/A       100%        2
 Ensorcelled Hibernation  Hex/Ice        0%         N/A       100%        2
 Passwall                 Tmut/Erth      0%         N/A       100%        2
 Static Discharge         Conj/Air       0%         3-3/arc   100%        2
 Sublimation of Blood     Necr           0%         N/A       100%        2
 Wereblood                Tmut           0%         N/A       100%        2
 Confusing Touch          Hex            0%         N/A       100%        3
 Lesser Beckoning         Tloc           0%         N/A       100%        3
 Swiftness                Air            0%         N/A       100%        3
 Vampiric Draining        Necr           0%         2d6       100%        3
 Airstrike                Air            0%         2d(0-16)  100%        4
 Leda's Liquefaction      Hex/Erth       0%         N/A       100%        4
 Summon Lightning Spire   Summ/Air       0%         N/A       100%        4
 Blade Hands              Tmut           0%         N/A       100%        5
 Irradiate                Conj/Tmut      0%         3d11      100%        5
 Lee's Rapid Deconstruct  Erth           0%         3d5*      100%        5
 Lightning Bolt           Conj/Air       0%         1d11      100%        5
 Manifold Assault         Tloc           0%         N/A       100%        5
 Conjure Ball Lightning   Conj/Air       0%         3x3d6     100%        6
 Statue Form              Tmut/Erth      0%         N/A       100%        6
 Dragon Form              Tmut           0%         N/A       100%        7
 Summon Hydra             Summ           0%         N/A       100%        7
 Discord                  Hex            0%         N/A       100%        8
 Disjunction              Tloc           0%         N/A       100%        8
 Maxwell's Capacitive Co  Air            0%         ∞         100%        8


Dungeon Overview and Level Annotations

Branches:
Dungeon (12/15)            Temple (1/1) D:7            Lair (5/5) D:9
  Swamp (4/4) Lair:3       Spider (4/4) Lair:3        Slime (0/5) Lair:5
    Orc (2/2) D:10            Elf (0/3) Orc:2

Altars:
Ashenzari
Dithmenos
Fedhas
Gozag
Kikubaaqudgha
Makhleb
Nemelex Xobeh
Okawaru
Qazlal
Trog
Xom
Zin
The Shining One
Jiyva

Shops:
D:3 [   D:4 (   Orc:2 [:*!

Portals:
Pandemonium: Orc:2

Annotations:
D:3 2 transporters, DandyGuy's ghost, amateur MiBe
D:7 3 runed translucent doors, cheesebisquit's ghost, novice MiBe


Innate Abilities, Weirdness & Mutations

You have a pair of horns on your head.
You reflexively headbutt those who attack you in melee.
You are partially covered in iridescent scales. (AC +2)
Your system is resistant to poisons. (rPois)
Your natural rate of healing is unusually fast.


Message History

The tarantella touches you but does no damage.
You struggle to detach yourself from the web.
The orb spider disappears in a puff of smoke!
The redback barely misses you. The tarantella touches you!
* * * LOW HITPOINT WARNING * * *
The culicivora bites you but does no damage.
The redback bites you but does no damage.
The redback closely misses you. The culicivora bites you!!
* * * LOW HITPOINT WARNING * * *
The culicivora draws strength from your injuries!
The tarantella touches you but does no damage.
The redback bites you but does no damage.
The orb spider begins to weave its threads into a brightly glowing ball.
The tarantella touches you.
* * * LOW HITPOINT WARNING * * *
Your shock serpent bites the culicivora.
Your shock serpent shocks the culicivora!
The culicivora bites your shock serpent!!
Your shock serpent's electric aura discharges, shocking the culicivora!
The jumping spider pounces on you but does no damage.
The jumping spider completely misses you.
The torpor snail bites your iron golem!!
The redback bites you.
* * * LOW HITPOINT WARNING * * *
Your ice dragon bites the tarantella.
Your ice dragon claws the tarantella!
Your ice dragon tramples the tarantella!
The tarantella holds its ground!
You draw a card...
You have drawn Exile.
The tarantella is devoured by a tear in reality.
The jumping spider is devoured by a tear in reality.
Your shock serpent is no longer moving slowly.
The culicivora is no longer berserk.
The broodmother closely misses you. The culicivora bites you.
* * * LOW HITPOINT WARNING * * *
The culicivora draws strength from your injuries!
The jumping spider closely misses you.
The jumping spider bites you but does no damage.
The broodmother bites you!
You die...
Your body glows slightly and disappears.

#.. ...^.........# ^.
#^..............^^....# ..
.............^..........## .#
................(........# .#
.....................^...#
<###^.....................s^.##
..y............^..§s....s.....#
wys.#...........s§......°s....#
Z..s...........s@s§.§........^#
#........?..^.Ssss.w..<†......+
(..........^....§D9s..........+
..................ss..........+
..^...................#.......#
............/............^....#
..^......^..^................^#
..#^.....#...................##
^^##.......................^.#


You could see a broodmother (berserk), a torpor snail (distracted, ally target),
4 orb spiders, a culicivora (slow, ally target), a jumping spider, a tarantella,
2 redbacks, a friendly iron golem (summoned, slow), a friendly ice dragon
(summoned, slow) and a friendly shock serpent (summoned).

Vanquished Creatures
  Nikola (Spider:1)
  Arachne (Spider:3)
  A tentacled monstrosity (Swamp:3)
  Mlioglotl (Spider:1)
  5 thorn hunters
  Donald (Spider:1)
  The ghost of cowcol the Severer, an adept DrBe of Trog (Swamp:3)
  A fenstrider witch (Swamp:1)
  3 ghost moths
  An orc warlord (Orc:1)
  The ghost of LustLizard the Brawler, a journeyman TrFi of Wu Jian (Orc:2)
  2 broodmothers (Spider:3)
  4 eleionomae
  6 bunyips
  2 entropy weavers
  A dire elephant (Lair:5)
  A spark wasp (Spider:1)
  A shambling mangrove (Swamp:4)
  Fannar (Lair:3)
  4 boulder beetles
  11 hydras
  3 radroaches (Spider:3)
  2 ghost crabs (Spider:1)
  A jorogumo (Spider:3)
  3 demonspawn (Orc:2)
  A catoblepas (Lair:5)
  10 alligators
  A centaur warrior (D:10)
  4 two-headed ogres
  8 death yaks
  A deep troll shaman (Lair:5)
  5 orc high priests (Orc:2)
  5 pharaoh ants
  5 goliath frogs
  5 skeletal warriors (D:12)
  2 sun moths
  2 spectral hydras (Swamp:3)
  2 spriggan druids
  3 orb spiders (Spider:2)
  7 steelbarb worms
  11 swamp dragons
  3 bog bodies
  6 orc sorcerers (Orc:2)
  5 orc knights (Orc:2)
  An ugly thing (D:12)
  2 will-o-the-wisps
  2 cyclopes
  A manticore (D:11)
  13 elephants
  19 wolf spiders
  2 moths of wrath
  A smoke demon (Orc:2)
  7 torpor snails
  4 black mambas
  An orange demon (Orc:2)
  9 cane toads
  A gargoyle (D:12)
  2 kobold demonologists (D:9)
  2 rime drakes
  An unseen horror (D:8)
  10 komodo dragons
  A bunyip simulacrum (Swamp:3)
  5 demonic crawlers
  2 ice devils (Orc:2)
  3 meliai (Spider:1)
  9 tyrant leeches
  3 trolls
  6 polar bears
  4 hornets
  2 red devils (Orc:2)
  28 tarantellas
  13 blink frogs
  14 dream sheep
  14 culicivoras
  23 jumping spiders
  4 wyverns
  5 wraiths
  2 spriggans
  30 yaks
  A ynoxinul (Orc:2)
  The ghost of pix2112 the Covered, an amateur MiFi (D:4)
  5 basilisks
  40 redbacks
  15 vampire mosquitoes
  4 steam dragons
  A spriggan simulacrum (Swamp:3)
  3 wargs
  13 swamp worms
  An acid dragon (D:10)
  15 water moccasins
  8 swamp drakes (Swamp:4)
  A hornet zombie (D:4)
  An ice beast (D:8)
  2 sky beasts (D:7)
  31 orc warriors
  2 ogres (Orc:2)
  5 black bears
  A centaur (D:7)
  15 wolves
  A boggart (Orc:1)
  8 kobold brigands
  2 gnoll sergeants
  5 necrophages
  A scorpion (D:7)
  A wyvern zombie (D:4)
  9 bullfrogs
  11 killer bees
  6 howler monkeys
  An electric eel (Spider:3)
  A hound (D:4)
  4 jellies
  18 orc priests
  A gnoll bouda (D:5)
  Terence (D:2)
  10 hell rats
  An iguana (D:6)
  18 orc wizards
  Robin (D:2)
  14 gnolls
  7 adders
  A shadow imp (D:6)
  2 white imps
  An ufetubus (D:7)
  3 worms
  2 dart slugs
  67 orcs
  10 ball pythons
  8 endoplasms
  A giant cockroach (D:1)
  16 goblins
  6 hobgoblins
  7 jackals
  A quokka (D:4)
  7 bats
  5 frilled lizards
  29 kobolds
  4 rats
  A rat zombie (D:6)
  3 briar patches (Swamp:3)
851 creatures vanquished.

Vanquished Creatures (collateral kills)
  the Lernaean hydra (Swamp:4)
  Rupert (Lair:5)
  The ghost of Yogidamonk the Warrior, an adept GrEE of Vehumet (Spider:1)
  A death yak (Lair:3)
  A swamp dragon (Swamp:4)
  2 demonic crawlers (Spider:1)
  A tarantella (Spider:1)
  A meliai (Spider:1)
  A blink frog (Lair:3)
  3 jumping spiders (Spider:1)
  A redback (Spider:1)
  2 orc warriors (Orc:1)
  A gnoll sergeant (D:3)
  An orc priest (Orc:1)
  An orc wizard (Orc:1)
  A hell rat (Lair:3)
  A gnoll (D:3)
  A dart slug (D:3)
  4 orcs (Orc:1)
26 creatures vanquished.

Vanquished Creatures (others)
  A spriggan (Swamp:3)
  A pharaoh ant (Spider:4)
  A moth of wrath (Spider:4)
  3 bloated husks
  A tyrant leech (Spider:1)
  A hornet (Swamp:3)
  A river rat (Orc:2)
  An orc (Orc:2)
  An endoplasm (Orc:2)
  A giant cockroach (Orc:2)
  2 briar patches (Swamp:1)
  16 foxfires
  36 fungi
  32 plants
  2 withered plants (Orc:2)
100 creatures vanquished.

Grand Total: 977 creatures vanquished

Notes
Turn   | Place    | Note
-------+----------+-------------------------------------------
     0 | D:1      | fatweenor the Minotaur Fighter began the quest for the Orb.
     0 | D:1      | Reached XP level 1. HP: 19/19 MP: 0/0
   212 | D:1      | Found a faded altar of an unknown god.
   260 | D:1      | Reached XP level 2. HP: 27/27 MP: 1/1
   354 | D:1      | Reached skill level 4 in Fighting
   628 | D:1      | Reached XP level 3. HP: 25/33 MP: 2/2
   993 | D:1      | Prayed at the altar of an unknown god.
   993 | D:1      | Became a worshipper of Nemelex Xobeh the Trickster
   993 | D:1      | Reached * piety under Nemelex Xobeh
   993 | D:1      | Received a gift from Nemelex Xobeh
  1173 | D:2      | Noticed Terence
  1181 | D:2      | Killed Terence
  1352 | D:2      | Noticed Robin
  1361 | D:2      | Reached XP level 4. HP: 37/37 MP: 3/3
  1381 | D:2      | Killed Robin
  1584 | D:2      | Identified the +5 whip "Finiam Ekann" {vorpal, rElec Int+3}
  1863 | D:3      | Noticed a black bear
  1863 | D:3      | Reached ** piety under Nemelex Xobeh
  1877 | D:3      | Noticed a gnoll sergeant
  2450 | D:3      | Noticed DandyGuy's ghost (amateur MiBe)
  2450 | D:3      | Found a transporter.
  2465 | D:3      | Killed a gnoll sergeant
  2466 | D:3      | Reached skill level 1 in Maces & Flails
  2466 | D:3      | Reached skill level 5 in Armour
  2466 | D:3      | Reached skill level 1 in Dodging
  2466 | D:3      | Reached XP level 5. HP: 46/46 MP: 4/4
  2509 | D:3      | Found a transporter.
  2601 | D:3      | Found Cyacyck's Antique Armour Shoppe.
  2609 | D:3      | Bought an embroidered cloak for 202 gold pieces
  2715 | D:3      | Found an ancient bone altar of Kikubaaqudgha.
  2717 | D:3      | Found a glowing silver altar of Zin.
  2723 | D:3      | Found an iron altar of Okawaru.
  2727 | D:3      | Found a shadowy altar of Dithmenos.
  2760 | D:3      | Received a gift from Nemelex Xobeh
  2876 | D:3      | Identified the +0 pair of boots of Unambiguity {rPois Str-3
                  | Dex+7 Slay-4}
  3019 | D:4      | Found Wufaziza's Weapon Emporium.
  3136 | D:4      | Reached skill level 5 in Fighting
  3147 | D:4      | Reached XP level 6. HP: 50/56 MP: 5/5
  3326 | D:4      | Found a runed translucent gate.
  3326 | D:4      | Found a runed translucent gate.
  3327 | D:4      | Found a runed translucent gate.
  3476 | D:4      | Received a gift from Nemelex Xobeh
  3644 | D:4      | Reached skill level 6 in Fighting
  3774 | D:4      | Identified the +5 sling "Riyvirr" {venom, Str+6 Int-4}
  3774 | D:4      | Identified the +2 leather armour "Todueg" {Rampage rPois
                  | MP-9}
  3889 | D:4      | Noticed pix2112's ghost (amateur MiFi)
  3958 | D:5      | Entered Level 5 of the Dungeon
  4064 | D:5      | Reached skill level 7 in Fighting
  4064 | D:5      | Reached XP level 7. HP: 66/66 MP: 6/6
  4146 | D:5      | Reached *** piety under Nemelex Xobeh
  4176 | D:5      | Reached skill level 8 in Fighting
  4188 | D:5      | Reached skill level 9 in Fighting
  4470 | D:5      | Received a gift from Nemelex Xobeh
  5484 | D:6      | Identified the +5 scale mail of the Snake Pit {rCorr Dex+2}
  5507 | D:6      | Reached XP level 8. HP: 79/79 MP: 7/7
  5513 | D:6      | Reached skill level 10 in Fighting
  5892 | D:6      | Received a gift from Nemelex Xobeh
  6014 | D:6      | Reached skill level 11 in Fighting
  6069 | D:6      | Reached **** piety under Nemelex Xobeh
  6083 | D:6      | Found a sand-covered staircase.
  6184 | D:6      | Found an opulent altar of Gozag.
  6597 | D:7      | Noticed cheesebisquit's ghost (novice MiBe)
  6597 | D:7      | Found a runed translucent gate.
  6597 | D:7      | Found a runed translucent gate.
  6597 | D:7      | Found a runed translucent gate.
  6613 | D:7      | Reached skill level 12 in Fighting
  6738 | D:7      | Reached skill level 5 in Axes
  6746 | D:7      | Reached XP level 9. HP: 47/91 MP: 8/8
  6960 | D:7      | Received a gift from Nemelex Xobeh
  7032 | D:7      | Paralysed by a hornet for 2 turns
  7566 | D:7      | Found a staircase to the Ecumenical Temple.
  7959 | D:7      | Found a broken altar of Ashenzari.
  8389 | D:4      | Bought a +3 war axe of electrocution for 257 gold pieces
  8443 | D:4      | Killed pix2112's ghost
  8590 | D:8      | Noticed a two-headed ogre
  8648 | Temple   | Entered the Ecumenical Temple
  8766 | D:8      | Killed an unseen horror
  8824 | D:8      | Killed a two-headed ogre
  8825 | D:8      | Reached XP level 10. HP: 60/99 MP: 9/9
  9033 | D:8      | Reached skill level 5 in Dodging
  9113 | D:8      | Found a sparkling altar of Nemelex Xobeh.
 10345 | D:9      | Found a staircase to the Lair.
 10470 | D:9      | Identified a scroll of acquirement
 10470 | D:9      | Acquired a +4 broad axe of flaming
 10602 | D:9      | Received a gift from Nemelex Xobeh
 10719 | D:9      | Reached skill level 10 in Axes
 10802 | D:9      | Reached ***** piety under Nemelex Xobeh
 10985 | D:9      | Noticed a two-headed ogre
 10992 | D:9      | Killed a two-headed ogre
 11448 | Lair:1   | Entered Level 1 of the Lair of Beasts
 11475 | Lair:1   | Reached skill level 13 in Fighting
 11475 | Lair:1   | Reached XP level 11. HP: 47/107 MP: 10/10
 11826 | Lair:1   | Reached skill level 5 in Shields
 11932 | Lair:1   | Received a gift from Nemelex Xobeh
 13168 | Lair:2   | Reached skill level 10 in Armour
 13172 | Lair:2   | Reached skill level 14 in Fighting
 13507 | Lair:2   | Received a gift from Nemelex Xobeh
 13510 | Lair:2   | You fall into a shaft and drop 2 floors!
 13768 | Lair:3   | Found a staircase to the Swamp.
 13787 | Lair:3   | Reached XP level 12. HP: 113/118 MP: 11/11
 13903 | Lair:2   | Identified the +4 robe of the Butcher {Fly}
 14798 | Lair:3   | Received a gift from Nemelex Xobeh
 14810 | Lair:3   | Noticed Fannar
 14815 | Lair:3   | Found a hole to the Spider Nest.
 14822 | Lair:3   | Killed Fannar
 14823 | Lair:3   | Reached skill level 15 in Fighting
 14971 | Lair:3   | Noticed a death yak
 14971 | Lair:3   | Noticed a death yak
 14971 | Lair:3   | Noticed a death yak
 14972 | Lair:3   | Noticed a death yak
 14976 | Lair:3   | Killed a death yak
 14982 | Lair:3   | Killed a death yak
 14989 | Lair:3   | Killed a death yak
 14992 | Lair:3   | Killed a death yak
 15801 | Lair:3   | Received a gift from Nemelex Xobeh
 17265 | Lair:5   | Entered Level 5 of the Lair of Beasts
 17278 | Lair:5   | Reached XP level 13. HP: 128/128 MP: 12/12
 17495 | Lair:5   | Found a viscous altar of Jiyva.
 17496 | Lair:5   | Found a staircase to the Slime Pits.
 17550 | Lair:5   | Reached ****** piety under Nemelex Xobeh
 17565 | Lair:5   | Noticed Rupert
 17576 | Lair:5   | Killed Rupert
 17577 | Lair:5   | Reached skill level 16 in Fighting
 17600 | Lair:5   | Received a gift from Nemelex Xobeh
 17628 | Lair:5   | Reached skill level 10 in Shields
 18787 | Lair:5   | Noticed a dire elephant
 18794 | Lair:5   | Reached skill level 10 in Dodging
 18802 | Lair:5   | Killed a dire elephant
 19655 | D:10     | Entered Level 10 of the Dungeon
 20097 | D:10     | Received a gift from Nemelex Xobeh
 20100 | D:10     | Found a glowing golden altar of the Shining One.
 20429 | D:10     | Found a staircase to the Orcish Mines.
 20755 | D:11     | Received a gift from Nemelex Xobeh
 20766 | D:11     | Reached skill level 17 in Fighting
 21073 | D:11     | Found a shimmering altar of Xom.
 21084 | D:11     | Found a shimmering altar of Xom.
 21084 | D:11     | Found a shimmering altar of Xom.
 21085 | D:11     | Found a shimmering altar of Xom.
 21085 | D:11     | Found a shimmering altar of Xom.
 21085 | D:11     | Found a shimmering altar of Xom.
 21086 | D:11     | Found a shimmering altar of Xom.
 21326 | D:12     | Reached XP level 14. HP: 140/140 MP: 13/13
 21570 | D:12     | Received a gift from Nemelex Xobeh
 21832 | D:12     | Reached skill level 15 in Axes
 22411 | Orc:1    | Entered Level 1 of the Orcish Mines
 22458 | Orc:1    | Noticed an orc warlord
 22460 | Orc:1    | Identified the +0 hand axe of Waageimoid {vamp, rElec rN+}
 22471 | Orc:1    | Killed an orc warlord
 22474 | Orc:1    | Received a gift from Nemelex Xobeh
 22655 | Orc:2    | Entered Level 2 of the Orcish Mines
 22730 | Orc:2    | Found a runed translucent door.
 22731 | Orc:2    | Noticed LustLizard's ghost (journeyman TrFi)
 22731 | Orc:2    | Found the brooch of Shielding {Spirit SH+8}
 22891 | Orc:2    | Found Ateqopy's Armour Shop.
 23392 | Orc:2    | Found Qeoreuta's General Store.
 23393 | Orc:2    | Found Usadun's Distillery.
 23394 | Orc:2    | Received a gift from Nemelex Xobeh
 23785 | Orc:2    | Bought a potion of berserk rage for 55 gold pieces
 23785 | Orc:2    | Bought a potion of curing for 33 gold pieces
 23785 | Orc:2    | Bought a potion of invisibility for 88 gold pieces
 23787 | Orc:2    | Bought a potion of might for 68 gold pieces
 23901 | Orc:2    | Found a staircase to the Elven Halls.
 24046 | Orc:2    | Bought a +2 pair of boots for 214 gold pieces
 24084 | Orc:2    | Gained mutation: You are frail. (-10% HP) [potion of
                  | mutation]
 24084 | Orc:2    | Gained mutation: You are partially covered in iridescent
                  | scales. (AC +2) [potion of mutation]
 24084 | Orc:2    | Gained mutation: Your system is resistant to poisons.
                  | (rPois) [potion of mutation]
 24084 | Orc:2    | Lost mutation: You are frail. (-10% HP) [potion of
                  | mutation]
 24085 | Orc:2    | Lost mutation: Your system is resistant to poisons. (rPois)
                  | [potion of mutation]
 24085 | Orc:2    | Lost mutation: You are partially covered in iridescent
                  | scales. (AC +2) [potion of mutation]
 24085 | Orc:2    | Gained mutation: You are partially covered in iridescent
                  | scales. (AC +2) [potion of mutation]
 24085 | Orc:2    | Gained mutation: Your system is resistant to poisons.
                  | (rPois) [potion of mutation]
 24085 | Orc:2    | Gained mutation: Your natural rate of healing is unusually
                  | fast. [potion of mutation]
 24633 | Orc:2    | Reached skill level 18 in Fighting
 24754 | Orc:2    | Found Wotaamaa's Book Shop.
 24754 | Orc:2    | Found Dofuawk's Antique Armour Boutique.
 24755 | Orc:2    | Found a one-way gate leading to the halls of Pandemonium.
 24928 | Orc:2    | Killed LustLizard's ghost
 25139 | Swamp:1  | Entered Level 1 of the Swamp
 25221 | Swamp:1  | Noticed a thorn hunter
 25242 | Swamp:1  | Killed a thorn hunter
 25353 | Swamp:1  | Reached XP level 15. HP: 139/150 MP: 11/14
 25446 | Swamp:1  | Noticed a fenstrider witch
 25461 | Swamp:1  | Paralysed by a fenstrider witch for 3 turns
 25467 | Swamp:1  | Killed a fenstrider witch
 25700 | Swamp:1  | Identified the +2 sling of Wondrous Power {freeze, Drain
                  | rC- Int+7 Stlth+}
 26238 | Swamp:2  | Received a gift from Nemelex Xobeh
 26455 | Swamp:3  | Noticed a tentacled monstrosity
 26466 | Swamp:3  | Killed a tentacled monstrosity
 26558 | Swamp:3  | Noticed a thorn hunter
 26566 | Swamp:3  | Killed a thorn hunter
 26590 | Swamp:3  | Reached skill level 19 in Fighting
 26777 | Swamp:3  | Found a transporter.
 26777 | Swamp:3  | Noticed cowcol's ghost (adept DrBe)
 26782 | Swamp:3  | Found a transporter.
 26804 | Swamp:3  | Found a stormy altar of Qazlal.
 26943 | Swamp:3  | Identified the +0 leather armour "Bixashug" {Fly Int+5}
 26949 | Swamp:3  | Received a gift from Nemelex Xobeh
 27096 | Swamp:3  | Killed cowcol's ghost
 27230 | Swamp:4  | Entered Level 4 of the Swamp
 27345 | Swamp:4  | Received a gift from Nemelex Xobeh
 27368 | Swamp:4  | Identified the ring of Recklessness {rC+ rCorr Str+4
                  | Stlth+}
 27508 | Swamp:4  | Noticed a thorn hunter
 27512 | Swamp:4  | Killed a thorn hunter
 27609 | Swamp:4  | Noticed a thorn hunter
 27619 | Swamp:4  | Killed a thorn hunter
 27734 | Swamp:4  | Noticed a thorn hunter
 27745 | Swamp:4  | Killed a thorn hunter
 27778 | Swamp:4  | Noticed the 27-headed Lernaean hydra
 27785 | Swamp:4  | Reached XP level 16. HP: 129/161 MP: 11/15
 28082 | Swamp:4  | Killed the 24-headed Lernaean hydra
 28271 | Swamp:4  | Got a decaying rune of Zot
 28472 | Spider:1 | Entered Level 1 of the Spider Nest
 28741 | Spider:1 | Noticed Donald
 28746 | Spider:1 | Reached skill level 20 in Fighting
 28762 | Spider:1 | Received a gift from Nemelex Xobeh
 29045 | Spider:1 | Received a gift from Nemelex Xobeh
 29066 | Spider:1 | Killed Donald
 29130 | Spider:1 | Noticed Mlioglotl
 29148 | Spider:1 | Killed Mlioglotl
 29152 | Spider:1 | Found a runed translucent gate.
 29152 | Spider:1 | Found a runed translucent gate.
 29152 | Spider:1 | Found a runed translucent gate.
 29159 | Spider:1 | Noticed Yogidamonk's ghost (adept GrEE)
 29184 | Spider:1 | Noticed Nikola
 29197 | Spider:1 | Killed Nikola
 29809 | Spider:1 | Killed Yogidamonk's ghost
 29815 | Spider:1 | Identified the +2 pair of boots of the Furrier {-Tele +Inv
                  | rElec Will+}
 30406 | Spider:2 | Received a gift from Nemelex Xobeh
 30673 | Spider:2 | Reached skill level 15 in Armour
 31016 | Spider:2 | Received a gift from Nemelex Xobeh
 31182 | Spider:3 | Reached XP level 17. HP: 158/172 MP: 13/16
 31397 | Spider:3 | Noticed Arachne
 31412 | Spider:3 | Killed Arachne
 31500 | Spider:3 | Reached skill level 21 in Fighting
 31928 | Spider:4 | Entered Level 4 of the Spider Nest
 32091 | Spider:4 | Received a gift from Nemelex Xobeh
 32210 | Spider:4 | HP: 6/173 [culicivora (5)]
 32210 | Spider:4 | Mangled by a broodmother

Illustrated notes

Levels and vault maps discovered:
D:1:      lightli_arrival_windingriver, layout_loops_ring,
          dreamdust_ecumenical_altar_grove, minivault_4, minmay_pentomino_z2
D:2:      layout_basic, uniq_robin, uniq_terence
D:3:      layout_rooms, minitemple, serial_shops, shop, gammafunk_ghost_arena,
          minivault_24
D:4:      layout_loops_ring, gammafunk_ghost_necromancy, serial_shops, shop,
          minmay_misc_feat_x, corexii_shack
D:5:      layout_layer_cave, dreamdust_wishing_well,
          nicolae_concentric_dashed_squares_wild
D:6:      layout_cave_pods, nicolae_gozag_cash_rules_everything_around_me,
          enter_ossuary_3
D:7:      nicolae_cairo_tiling, layout_loops_cross, lemuel_doored_altar,
          gammafunk_ghost_nasty_kobolds, grunt_decor_fettered,
          minmay_misc_feat_more_columns
D:8:      layout_cave_pools, nemelex_diamond_rough_becter
D:9:      layout_cave_pods, lair_entry_dummy
D:10:     layout_cave_pools, mainiacjoe_overflow_tiny_flanked, orc_0_dummy
D:11:     layout_roguey, xom_redecorated
D:12:     layout_roguey
Temple:   zaba_magenta_temple
Lair:1:   layout_regular_city, cheibrodos_lair_lostbears, grunt_megastairs_1
Lair:2:   layout_roguey, grunt_megastairs_5, infiniplex_staircase_pool
Lair:3:   layout_regular_city, swamp_mist, spider_nest_entry_web_field,
          serial_bayou_shore_a, lemuel_fruit_tree, uniq_fannar
Lair:4:   layout_cave_pods, serial_bayou_shore_b, grunt_megastairs_2
Lair:5:   grunt_lair_end_beastmaster, layout_gridlike, slime_entry_1,
          grunt_megastairs_4, infiniplex_staircase_pool_2, uniq_rupert
Swamp:1:  layout_falls_marsh, nicolae_swamp_triple_paths
Swamp:2:  nicolae_swamp_ascending_descending_big, layout_falls_marsh,
          serial_swamp_ruin, evilmike_swamp_ruin_house_2,
          hangedman_swamp_ruin_hall
Swamp:3:  layout_basic_swamp, gammafunk_ghost_mausoleum, nicolae_swamp_godswood,
          swamp_pool3
Swamp:4:  swamp_old_school, layout_basic_swamp
Spider:1: layout_spider_delve, gammafunk_ghost_tricky_traps,
          nicolae_spider_swamp_cousins, uniq_donald, uniq_nikola, uniq_mlioglotl
Spider:2: layout_spider_delve
Spider:3: layout_spider_delve, uniq_arachne
Spider:4: spider_rune_water, hellmonk_spider_spawner
Orc:1:    layout_diamond_mine, basic_altar, uniq_jorgrun, uniq_harold,
          uniq_erica
Orc:2:    pf_orc_diabolical, layout_caves, nicolae_volcano_entry_hallway,
          gammafunk_ghost_grave, portal_ice_cave_demonic_guard, serial_shops,
          shop

Skill      XL: |  1  2  3  4  5  6  7  8  9 10 11 12 13 14 15 16 17 |
---------------+----------------------------------------------------+-----
Fighting       | 4 5 7 9 12 13 14 15 17 18 19 20 21 | 21.3
Armour         | 4 5 7 9 10 11 12 13 14 15 | 15.5
Shields        | 4 8 9 10 12 13 14 | 14.6
Axes           | 3 4 5 9 10 11 13 14 16 17 19 | 19.6
Maces & Flails | 1 |  1.0
Dodging        | 1 2 4 7 8 9 10 11 12 13 | 13.7
Stealth        | |  0.1

Action                   |  1- 3 |  4- 6 |  7- 9 | 10-12 | 13-15 | 16-18 || total
-------------------------+-------+-------+-------+-------+-------+-------++-------
Melee: War axe           |   105 |    27 |   154 |    72 |       |       ||   358
       Headbutt          |     9 |    19 |    37 |    93 |   239 |   134 ||   531
       Whip              |       |   110 |       |       |       |       ||   110
       Battleaxe         |       |       |    46 |       |       |       ||    46
       Punch             |       |       |     1 |     4 |       |       ||     5
       Broad axe         |       |       |       |   325 |   965 |   595 ||  1885
Invok: Draw Summoning    |       |     2 |       |     4 |     4 |     2 ||    12
       Draw Destruction  |       |       |     3 |     4 |     4 |     4 ||    15
       Draw Escape       |       |       |     1 |     2 |       |     1 ||     4
       Triple Draw       |       |       |       |       |       |     3 ||     3
Evoke: Wand              |       |       |       |       |     2 |     7 ||     9
  Use: Scroll            |       |     3 |       |    13 |    13 |    11 ||    40
       Potion            |       |       |       |     2 |    22 |     5 ||    29
Armor: Scale mail        |    52 |    27 |    50 |   106 |    58 |       ||   293
       Plate armour      |       |       |       |       |   226 |   410 ||   636
Dodge: Dodged            |    39 |   108 |   189 |   440 |   524 |   330 ||  1630
Block: Buckler           |    23 |    35 |    31 |       |       |       ||    89
       Kite shield       |       |       |       |   166 |   926 |   839 ||  1931
       Reflection        |       |       |       |       |       |     2 ||     2
